 Dungeon Crawl Stone Soup version 0.31-a0-424-g41b3b0883d (webtiles) character file.

Game seed: 891578686306527050

21548 Bnni the Markstengu (level 12, 0/80 HPs)
             Began as a Tengu Hunter on July 30, 2023.
             Was the Champion of Okawaru.
             Slain by a death scarab (20 damage)
             ... in a Gauntlet.
             The game lasted 00:32:13 (11808 turns).

Bnni the Markstengu (Tengu Hunter)                 Turns: 11808, Time: 00:32:15

Health: 0/80       AC:  5    Str: 12    XL:     12   Next: 91%
Magic:  0/20       EV: 26    Int: 10    God:    Okawaru [******]
Gold:   1158       SH:  0    Dex: 25    Spells: 11/11 levels left

rFire   . . .        S - +4 longbow (heavy)
rCold   + . .        (shield currently unavailable)
rNeg    + . .        C - +2 leather armour {rC+}
rPois   .            (helmet restricted)
rElec   .            V - scarf of Nuom {+Inv, Rampage rN+ Dex+3}
rCorr   .            (no gloves)
SInv    .            (boots unavailable)
Will    .....        y - amulet of guardian spirit
Stlth   ++++         b - +4 ring of slaying
HPRegen 0.33/turn    p - +5 ring of evasion
MPRegen 0.17/turn

%: no teleportation, guardian spirit, rampage
@: heroic, flying quickly and evasively, slowed, very slow
A: beak, talons 3, nimble flight
a: Renounce Religion, Evoke Invisibility, Heroism, Finesse, Duel


You were in a Gauntlet.
You worshipped Okawaru.
Okawaru was exalted by your worship.
You visited 2 branches of the dungeon, and saw 13 of its levels.
You also visited: Bailey and Gauntlet.

You collected 1158 gold pieces.

Inventory:

Hand Weapons
 N - a +0 short sword of venom
 Q - a +2 scimitar of flaming
 S - a +4 heavy longbow (weapon)
 W - the +7 sling of Green Tender Mercy {antimagic, rElec rCorr Str+9}
   (You found it on level 12 of the Dungeon)

   Str:       It affects your strength (+9).
   rElec:     It insulates you from electricity.
   rCorr:     It protects you from acid and corrosion.
Missiles
 B - 41 poisoned darts
 H - 4 datura-tipped darts
 I - 4 atropa-tipped darts
 P - 8 curare-tipped darts
Armour
 e - an orb of light
 o - a +0 troll leather armour
 C - a +2 leather armour of cold resistance (worn)
 V - the scarf of Nuom (worn) {+Inv, Rampage rN+ Dex+3}
   (Okawaru gifted it to you on level 12 of the Dungeon)

   Dex:       It affects your dexterity (+3).
   rN:        It protects you from negative energy.
   Rampage:   It bestows one free step when moving towards enemies.
Jewellery
 b - a +4 ring of slaying (left hand)
 g - an amulet of reflection
 p - a +5 ring of evasion (right hand)
 y - an amulet of guardian spirit (around neck)
Wands
 h - a wand of acid (16)
 r - a wand of roots (5)
 z - a wand of mindburst (16)
 J - a wand of paralysis (9)
 M - a wand of flame (11)
 R - a wand of polymorph (2)
Scrolls
 a - 2 scrolls of immolation {unknown}
 i - 4 scrolls of blinking {unknown}
 j - 2 scrolls of enchant armour
 m - 3 scrolls of fear {unknown}
 n - a scroll of brand weapon {unknown}
 s - 2 scrolls of noise {unknown}
 u - a scroll of poison {unknown}
 v - a scroll of revelation {unknown}
 w - 2 scrolls of torment {unknown}
 x - 4 scrolls of silence {unknown}
 E - 2 scrolls of enchant weapon {unknown}
 F - 3 scrolls of teleportation
 U - a scroll of fog
Potions
 c - 3 potions of might {unknown}
 d - 4 potions of curing
 f - 3 potions of attraction
 k - 3 potions of enlightenment
 l - 2 potions of brilliance
 q - 2 potions of mutation
 t - a potion of berserk rage {unknown}
 A - a potion of invisibility {unknown}
 D - 2 potions of heal wounds {unknown}
 G - 4 potions of lignification {unknown}
 K - 2 potions of haste {unknown}
 L - a potion of magic {unknown}
 O - 2 potions of degeneration {unknown}


   Skills:
 + Level 11.1(16.1) Fighting
 * Level 16.8(21.8) Ranged Weapons
 - Level 2.1(7.1) Dodging
 - Level 1.0(6.0) Stealth
 * Level 9.3 Invocations


You had 11 spell levels left.
You didn't know any spells.
Your spell library contained the following spells:

 Spells                   Type           Power      Damage    Failure   Level
 Magic Dart               Conj           0%         1d3       43%         1
 Mephitic Cloud           Conj/Pois/Air  0%         N/A       82%         3
 Fireball                 Conj/Fire      0%         3d3       100%        5
 Iskenderun's Battlesphe  Conj           0%         2d6       100%        5
 Conjure Ball Lightning   Conj/Air       0%         3x3d6     100%        6
 Orb of Destruction       Conj           0%         9d5       100%        7
 Call Imp                 Summ           Unusable   N/A       N/A         2

Dungeon Overview and Level Annotations

Branches:
Dungeon (12/15)            Temple (0/1) D:7            Lair (1/5) D:11
    Orc (0/2) D:9          Bailey (visited)         Gauntlet (1/1)

Altars:
Ashenzari
Dithmenos
Elyvilon
Gozag
Kikubaaqudgha
Nemelex Xobeh
Okawaru
Qazlal
Ru
Uskayaw
Vehumet
Xom
Yredelemnul
The Shining One

Annotations:
Gauntlet 11 transporters


Innate Abilities, Weirdness & Mutations

You have a beak for a mouth.
You have claws for feet.
Your magical nature lets you fly swiftly and evasively.


Message History

Okay, then.
You gain the combat prowess of a mighty hero.
The death scarab completely misses you. The spectral cane toad hits you!
You partially resist.
You feel drained. The spectral cane toad misses you.
Unknown command.
Okay, then.
Okay, then.
Okay, then.
Okay, then.
Okay, then.
Fire: S) +4 longbow (heavy)
Press: ? - help, Shift-Dir - straight line, f/p - spectral cane toad
Aim: a spectral cane toad (heavily damaged, 90% to hit)
You shoot an arrow. The arrow hits the spectral cane toad!!
The spectral cane toad is almost destroyed.
The death scarab completely misses you.
The spectral cane toad completely misses you.
The spectral cane toad barely misses you.
Fire: S) +4 longbow (heavy)
Press: ? - help, Shift-Dir - straight line, f/p - spectral cane toad
Aim: a spectral cane toad (almost destroyed, 90% to hit)
You shoot an arrow.
The arrow hits the spectral cane toad!!!
You destroy the spectral cane toad!
Okawaru accepts your kill. The death scarab bites you!
* * * LOW HITPOINT WARNING * * *
The death scarab drains your vigour!
You feel as though you will be slow longer.
The death scarab draws strength from your injuries!
The death scarab completely misses you. The death scarab misses you.
Your life force feels restored.
Fire: S) +4 longbow (heavy)
Press: ? - help, Shift-Dir - straight line, f - death scarab
Aim: a death scarab (72% to hit)
You shoot an arrow.
The arrow closely misses the death scarab.
The death scarab misses you. The death scarab completely misses you.
The death scarab bites you!!
You die...

#####..#########..≈#≈#§##
.................∩....§.##
......................∩.≈#
#########..###########..##
##.##..y#..#.........#..≈#
...##.###..#.........#..##
##....###..#?.#P..#..#..≈#
##.###..####[..P.....#..##
.#.##.###©©#©.P.@B...#©.§#
###.©.######.........#..##
##.###..#..#.P#...#P.#..≈#
...##y###..#..P......#..##
##.yy####..#.........#..§#
#########..###########..##
...........§............≈#
..§§....................##
≈#§#≈#≈#≈#§#≈#≈#§#≈#§#§##


You could see a death scarab.

Vanquished Creatures
  Erica (D:9)
  5 two-headed ogres
  A boulder beetle (D:12)
  The ghost of mrsnowman the Mimic, a novice OpSh of Gozag (D:7)
  A cyclops (D:11)
  2 ugly things
  An elephant (D:11)
  Joseph (D:7)
  A gargoyle (D:10)
  A cane toad (Lair:1)
  2 unseen horrors
  A rime drake (Lair:1)
  A komodo dragon (Lair:1)
  5 trolls
  Prince Ribbit (D:6)
  Sigmund (D:3)
  3 slime creatures (D:12)
  2 wraiths
  A shadow (D:10)
  25 yaks
  Eustachio (D:6)
  5 wyverns
  A basilisk (D:11)
  2 vampires
  Menkaure (D:4)
  A spectral cane toad (Gauntlet)
  A water moccasin (Lair:1)
  4 wargs
  Duvessa (D:6)
  2 black bears
  2 sky beasts
  An ice beast (D:8)
  9 orc warriors
  2 ogres
  A wolf (Lair:1)
  14 centaurs
  A phantom (D:5)
  8 kobold brigands
  4 bullfrogs
  4 scorpions
  3 wights (D:7)
  Dowan (D:6)
  7 killer bees
  2 howler monkeys (D:8)
  5 hounds
  A gnoll bouda (D:6)
  3 orc priests
  A jelly (D:5)
  3 iguanas
  13 orc wizards
  A sleepcap (D:6)
  Ijyb (D:4)
  Robin (D:3)
  5 gnolls (D:6)
  7 adders
  A white imp (D:6)
  4 ufetubi (D:5)
  A worm (D:2)
  7 dart slugs
  42 orcs
  3 bats
  7 endoplasms
  4 giant cockroaches
  14 goblins
  11 hobgoblins
  2 jackals (D:3)
  30 kobolds
  3 quokkas
  12 ball pythons
  3 frilled lizards
  3 rats (D:2)
323 creatures vanquished.

Notes
Turn   | Place    | Note
-------+----------+-------------------------------------------
     0 | D:1      | Bnni the Tengu Hunter began the quest for the Orb.
     0 | D:1      | Reached XP level 1. HP: 12/12 MP: 2/2
    38 | D:1      | Reached XP level 2. HP: 17/17 MP: 3/3
   140 | D:1      | Reached skill level 5 in Ranged Weapons
   377 | D:1      | Reached XP level 3. HP: 22/22 MP: 4/4
  1154 | D:2      | Reached XP level 4. HP: 27/27 MP: 5/5
  1221 | D:2      | Found a faded altar of an unknown god.
  1597 | D:3      | Reached skill level 6 in Ranged Weapons
  1597 | D:3      | Gained mutation: Your magical nature lets you fly swiftly
                  | and evasively. [Tengu growth]
  1597 | D:3      | Reached XP level 5. HP: 22/32 MP: 6/6
  1944 | D:3      | Noticed Robin
  1951 | D:3      | Killed Robin
  2369 | D:3      | Noticed Sigmund
  2374 | D:3      | Killed Sigmund
  2375 | D:3      | Reached skill level 7 in Ranged Weapons
  2375 | D:3      | Reached XP level 6. HP: 38/38 MP: 7/7
  2648 | D:4      | Noticed Menkaure
  2651 | D:4      | Killed Menkaure
  2652 | D:4      | Reached XP level 7. HP: 44/44 MP: 8/8
  2670 | D:4      | Noticed Ijyb
  2676 | D:4      | Killed Ijyb
  2705 | D:4      | Reached skill level 8 in Ranged Weapons
  2915 | D:4      | Identified the +0 leather armour of Uhiz {Rampage +Inv
                  | rElec Dex-2}
  2992 | D:4      | Found an ancient bone altar of Kikubaaqudgha.
  3103 | D:4      | Reached skill level 5 in Fighting
  3212 | D:4      | Found a glowing golden altar of the Shining One.
  3511 | D:5      | Entered Level 5 of the Dungeon
  3547 | D:5      | Reached skill level 9 in Ranged Weapons
  3703 | D:5      | Reached XP level 8. HP: 49/49 MP: 9/9
  3818 | D:5      | Found a broken altar of Ashenzari.
  3819 | D:5      | Found a shadowy altar of Dithmenos.
  3820 | D:5      | Found a sparkling altar of Nemelex Xobeh.
  3941 | D:5      | Found a white marble altar of Elyvilon.
  3941 | D:5      | Found a sacrificial altar of Ru.
  3941 | D:5      | Found a hide-covered altar of Uskayaw.
  3942 | D:5      | Found a basalt altar of Yredelemnul.
  4063 | D:5      | Found a radiant altar of Vehumet.
  4234 | D:6      | Noticed Duvessa
  4234 | D:6      | Noticed Dowan
  4272 | D:6      | Reached skill level 10 in Ranged Weapons
  4341 | D:6      | Noticed Eustachio
  4355 | D:6      | Killed Eustachio
  4459 | D:6      | Reached XP level 9. HP: 48/56 MP: 10/10
  4557 | D:6      | Killed Duvessa
  4558 | D:6      | Reached skill level 11 in Ranged Weapons
  4559 | D:6      | Killed Dowan
  4807 | D:6      | Reached skill level 12 in Ranged Weapons
  4976 | D:6      | Noticed Prince Ribbit
  4983 | D:6      | Killed Prince Ribbit
  5389 | D:7      | Noticed Joseph
  5396 | D:7      | Killed Joseph
  5397 | D:7      | Reached skill level 13 in Ranged Weapons
  5397 | D:7      | Reached XP level 10. HP: 54/65 MP: 9/11
  5470 | D:7      | Found an iron altar of Okawaru.
  5478 | D:7      | Became a worshipper of Warmaster Okawaru
  5654 | D:7      | Found a runed translucent door.
  5654 | D:7      | Noticed mrsnowman's ghost (novice OpSh)
  5736 | D:7      | Reached skill level 1 in Invocations
  5909 | D:7      | Found a staircase to the Ecumenical Temple.
  6071 | D:7      | Killed mrsnowman's ghost
  6071 | D:7      | Reached * piety under Okawaru
  6250 | D:8      | Identified the +0 ring mail of Altruism {Drain Will++}
  6327 | D:8      | Found a flagged portal.
  6359 | Bailey   | Entered a bailey
  6409 | Bailey   | Reached ** piety under Okawaru
  6466 | Bailey   | Reached skill level 14 in Ranged Weapons
  6593 | Bailey   | Found a bloodstained altar of Trog.
  6759 | D:8      | Found a shimmering altar of Xom.
  7049 | D:9      | Noticed Erica
  7076 | D:9      | Found a stormy altar of Qazlal.
  7271 | D:9      | Noticed a two-headed ogre
  7278 | D:9      | Killed a two-headed ogre
  7278 | D:9      | Reached *** piety under Okawaru
  7279 | D:9      | Reached skill level 5 in Invocations
  7279 | D:9      | Reached XP level 11. HP: 71/71 MP: 15/15
  7307 | D:10     | Entered Level 10 of the Dungeon
  7646 | D:10     | Noticed a two-headed ogre
  7655 | D:10     | Killed a two-headed ogre
  7655 | D:10     | Reached **** piety under Okawaru
  8050 | D:10     | Noticed a two-headed ogre
  8054 | D:10     | Killed a two-headed ogre
  8055 | D:10     | Reached skill level 15 in Ranged Weapons
  8321 | D:9      | Found a staircase to the Orcish Mines.
  8414 | D:9      | Killed Erica
  8462 | D:9      | Reached ***** piety under Okawaru
  8485 | D:9      | Noticed a two-headed ogre
  8493 | D:9      | Killed a two-headed ogre
  8494 | D:9      | Reached skill level 10 in Fighting
  9299 | D:10     | Reached XP level 12. HP: 34/77 MP: 9/18
  9615 | D:11     | Noticed a two-headed ogre
  9654 | D:11     | Killed a two-headed ogre
  9761 | D:11     | Received a gift from Okawaru
  9762 | D:11     | Reached skill level 16 in Ranged Weapons
 10227 | D:11     | Found a staircase to the Lair.
 10505 | D:12     | Noticed a boulder beetle
 10510 | D:12     | Killed a boulder beetle
 10908 | D:12     | Found an opulent altar of Gozag.
 11248 | D:12     | Reached ****** piety under Okawaru
 11254 | D:12     | Identified the scarf of Nuom {+Inv, Rampage rN+ Dex+3}
                  | (Okawaru gifted it to you on level 12 of the Dungeon)
 11254 | D:12     | Received a gift from Okawaru
 11279 | D:12     | Identified the +7 sling of Green Tender Mercy {antimagic,
                  | rElec rCorr Str+9}
 11564 | Lair:1   | Entered Level 1 of the Lair of Beasts
 11606 | Lair:1   | Found a gate leading to a gauntlet.
 11629 | Gauntlet | Entered a Gauntlet
 11629 | Gauntlet | Noticed a death scarab
 11629 | Gauntlet | Found a transporter.
 11629 | Gauntlet | Found a transporter.
 11629 | Gauntlet | Found a transporter.
 11644 | Gauntlet | Found a transporter.
 11646 | Gauntlet | Found a transporter.
 11652 | Gauntlet | Found a transporter.
 11655 | Gauntlet | Found a transporter.
 11662 | Gauntlet | Noticed a hell hog
 11663 | Gauntlet | Found a transporter.
 11683 | Gauntlet | Found a transporter.
 11703 | Gauntlet | Found a transporter.
 11704 | Gauntlet | Found a transporter.
 11719 | Gauntlet | Found a transporter.
 11808 | Gauntlet | Slain by a death scarab

Illustrated notes

Levels and vault maps discovered:
D:1:      onia_arrival_pyramid, layout_basic
D:2:      layout_basic, hellmonk_ecumenical_altar_inner_sanctum, serial_curves,
          eino_curves_01, eino_curves_02
D:3:      layout_basic, uniq_sigmund, uniq_robin
D:4:      layout_loops_cross, nicolae_kikubaaqudgha_miasma_corner, tso_altar,
          uniq_ijyb, uniq_menkaure
D:5:      layout_cave_pools, grunt_temple_overflow_open,
          mainiacjoe_overflow_alcove_1
D:6:      layout_basic, uniq_duvessa, uniq_eustachio, uniq_prince_ribbit1
D:7:      layout_cave_pods, mainiacjoe_overflow_concentric_impassable,
          minmay_temple_entry_statues_fountains, gammafunk_ghost_grave,
          uniq_joseph
D:8:      layout_rooms, xom_butterflies, serial_rivers,
          chequers_serial_rivers_micro_d, chequers_serial_rivers_micro_b,
          chequers_serial_rivers_small_b, chequers_serial_rivers_small_a,
          chequers_serial_rivers_micro_d, chequers_serial_rivers_marsh,
          enter_bailey_6
D:9:      layout_loops_ring, lemuel_round_altar, orc_0_dummy,
          hangedman_decor_slide_cut, minmay_misc_feat_plants, uniq_erica
D:10:     layout_roguey
D:11:     layout_gridville, david_lair_generic, nooodl_orcs_dogs
D:12:     layout_gridville, moated_statue,
          nicolae_gozag_cash_rules_everything_around_me
Lair:1:   layout_cave_shapes, gauntlet_entry_generic
Gauntlet: minmay_gauntlet_mixed_big_or_small [gammafunk_gauntlet_arena_hedges,
          minmay_gauntlet_arena_77_p_blocks, gammafunk_gauntlet_arena_crates,
          minmay_gauntlet_arena_77_squiggly, gammafunk_gauntlet_arena_mazey,
          minmay_gauntlet_arena_77_radiant_squares, gauntlet_exit_hidden_loot]

Skill      XL: |  1  2  3  4  5  6  7  8  9 10 11 12 |
---------------+-------------------------------------+-----
Ranged Weapons | 5 6 7 9 10 13 14 15 16 | 16.8
Fighting       | 3 4 5 6 8 9 10 11 | 11.1
Invocations    | 5 7 9 |  9.3
Dodging        | |  2.1
Stealth        | |  1.0

Action                     |  1- 3 |  4- 6 |  7- 9 | 10-12 || total
---------------------------+-------+-------+-------+-------++-------
   Fire: Shortbow          |   105 |     7 |       |       ||   112
         Orcbow            |       |    90 |   287 |   488 ||   865
         Longbow           |       |       |       |   122 ||   122
  Throw: Dart              |       |       |       |    10 ||    10
 Invoke: Heroism           |       |       |       |     1 ||     1
  Evoke: Wand              |       |       |     2 |     1 ||     3
    Use: Scroll            |       |     6 |       |     5 ||    11
         Potion            |       |       |       |     3 ||     3
 Armour: Leather armour    |     9 |     1 |    12 |    30 ||    52
  Dodge: Dodged            |    19 |    40 |   117 |   242 ||   418
  Block: Other             |     2 |    17 |    17 |       ||    36

Table legend: (Time is in decaauts)
 A = Elapsed time spent in this place.
 B = Non-inter-level travel time spent in this place.
 C = Inter-level travel time spent in this place.
 D = Time resting spent in this place.
 E = Time spent auto-exploring this place.
 F = Levels seen in this place.
 G = Mean time per level.
                   A        B        C        D        E       F      G
               +--------+--------+--------+--------+--------+-----+--------+
         Total |  11148 |  10494 |    654 |   1578 |   6437 |  15 |  743.2 |
       Dungeon |  10639 |   9985 |    654 |   1505 |   6273 |  12 |  886.6 |
          Lair |     63 |     63 |      0 |      0 |     32 |   1 |   63.0 |
        Bailey |    280 |    280 |      0 |     72 |     15 |   1 |  280.0 |
      Gauntlet |    165 |    165 |      0 |      0 |    116 |   1 |  165.0 |
               +--------+--------+--------+--------+--------+-----+--------+

Top non-repeatable levels by time:
    D:11: 1207 daAuts
     D:3: 1153 daAuts
    D:10: 1102 daAuts
    D:12: 1003 daAuts
     D:9: 970 daAuts
     D:6: 945 daAuts
     D:4: 846 daAuts
     D:7: 808 daAuts
     D:1: 760 daAuts
     D:2: 714 daAuts
     D:5: 643 daAuts
     D:8: 483 daAuts
  Bailey: 280 daAuts
Gauntlet: 165 daAuts
  Lair:1: 63 daAuts
